 Dungeon Crawl Stone Soup version 0.18-a0-1343-g48c8f86 (webtiles) character file.

1597515 PierrePorte the Axe Maniac (level 27, 211/266 HPs)
             Began as a Minotaur Berserker on Feb 11, 2016.
             Was a Priest of Trog.
             Escaped with the Orb
             ... and 3 runes on Feb 16, 2016!
             The game lasted 12:54:23 (85026 turns).

PierrePorte the Axe Maniac (Minotaur Berserker)    Turns: 85026, Time: 12:54:23

Health: 211/266    AC: 38    Str: 33    XL:     27
Magic:  13/13      EV: 30    Int: 12    God:    Trog [***...]
Gold:   4189       SH:  5    Dex: 16    Spells: 0 memorised, 26 levels left

rFire  + + +     SeeInvis .     a - +7 battleaxe of the Wasp {chop, rF+}
rCold  + + .     Gourm    .     R - +9 chain mail of Gira Xuo {rF++}
rNeg   + . .     Faith    .     (shield currently unavailable)
rPois  +         Spirit   .     (helmet restricted)
rElec  +         Dismiss  .     x - +2 cloak {MR+}
rCorr  +         Reflect  +     O - +1 pair of gloves of Laciecot {rElec Str+4 Dex-2 Stlth+}
SustAt .         Harm     .     W - +2 pair of boots
MR     +++..                    r - +5 amulet of reflection
Stlth  +.........               T - ring "Soepih" {rElec rN+ MP-9 Int+5 Stlth+}
                                l - ring of protection from cold

@: agile, resistant, very slightly contaminated, extremely resistant to hostile
enchantments, very unstealthy
A: retaliatory headbutt, horns 2
a: Berserk, Trog's Hand, Burn Spellbooks, Renounce Religion
0: Orb of Zot
}: 3/15 runes: decaying, silver, gossamer


You escaped.
You worshipped Trog.
Trog was most pleased with you.
You were not hungry.

You visited 11 branches of the dungeon, and saw 54 of its levels.
You visited the Abyss 1 time.
You also visited: Labyrinth.

You collected 7064 gold pieces.
You spent 2835 gold pieces at shops.

Inventory:

Hand Weapons
 a - the +7 battleaxe of the Wasp (weapon) {chop, rF+}
   (You found it in a labyrinth)

   It inflicts extra damage upon your enemies.
   It protects you from fire.
 b - a +9 antimagic battleaxe
Armour
 p - a +4 gold dragon armour
 x - a +2 cloak of magic resistance (worn)
 O - the +1 pair of gloves of Laciecot (worn) {rElec Str+4 Dex-2 Stlth+}
   (You found it on level 5 of the Vaults)

   It affects your strength (+4).
   It affects your dexterity (-2).
   It insulates you from electricity.
   It makes you more stealthy.
 R - the +9 chain mail of Gira Xuo (worn) {rF++}
   (You found it on level 7 of the Dungeon)

   It greatly protects you from fire.
 W - a +2 pair of boots (worn)
 X - the +2 hat "Boin" {rElec rF- MR+ Str+3}
   (You found it on level 2 of the Depths)

   It affects your strength (+3).
   It makes you vulnerable to fire.
   It insulates you from electricity.
   It affects your resistance to hostile enchantments.
Jewellery
 l - a ring of protection from cold (left hand)
 r - a +5 amulet of reflection (around neck)
 E - the ring of the Catfish {rCorr rElec Slay+3}
   (You found it on level 5 of the Vaults)

   [ring of resist corrosion]

   It affects your accuracy and damage with ranged weapons and melee attacks
   (+3).
   It insulates you from electricity.
 I - the ring of the Forsaken Blessings {rPois rC+}
   (You took it off a deep elf annihilator on level 5 of the Vaults)

   [ring of protection from cold]

   It protects you from cold.
   It protects you from poison.
 Q - the ring "Arhisy" {Fire -Tele rElec MP+9 SInv}
   (You acquired it on level 3 of the Elven Halls)

   [ring of fire]

   It enhances your fire magic, and weakens your ice magic.
   It protects you from fire.
   It makes you vulnerable to cold.
   It insulates you from electricity.
   It affects your magic capacity (+9).
   It lets you see invisible.
   It prevents most forms of teleportation.
 S - a +5 ring of protection
 T - the ring "Soepih" (right hand) {rElec rN+ MP-9 Int+5 Stlth+}
   (You took it off a deep elf death mage on level 3 of the Elven Halls)

   [ring of stealth]

   It affects your intelligence (+5).
   It insulates you from electricity.
   It protects you from negative energy.
   It affects your magic capacity (-9).
   It makes you more stealthy.
Wands
 g - a wand of teleportation (5/9)
 h - a wand of disintegration (11/24)
 y - a wand of digging (15/24)
 G - a wand of paralysis (11/24)
 N - a wand of iceblast (12/15)
 P - a wand of heal wounds (3/9)
Scrolls
 c - 15 scrolls of remove curse
 e - 7 scrolls of recharging
 f - 2 scrolls of blinking
 k - 7 scrolls of magic mapping
 n - 14 scrolls of identify
 q - 11 scrolls of fog
 H - 11 scrolls of fear
 K - 3 scrolls of enchant weapon
 U - 4 scrolls of teleportation
Potions
 d - 3 potions of cure mutation
 i - 7 potions of flight
 m - 4 potions of cancellation
 t - 6 potions of might
 u - 13 potions of curing
 w - 4 potions of brilliance
 A - 2 potions of agility
 V - a potion of haste
Miscellaneous
 Y - a legendary deck of defence {drawn: 2}
Comestibles
 j - 5 meat rations
 o - 12 bread rations
 Z - 42 fruits


   Skills:
 + Level 25.4 Fighting
 O Level 27 Axes
 O Level 27 Armour
 + Level 22.8 Dodging
 - Level 23.4 Unarmed Combat


You had 26 spell levels left.
You didn't know any spells.

Dungeon Overview and Level Annotations

Branches:
Dungeon (15/15)            Temple (1/1) D:7            Lair (8/8) D:10
  Swamp (4/4) Lair:3       Spider (4/4) Lair:6        Slime (2/6) Lair:8
    Orc (2/2) D:10            Elf (3/3) Orc:2        Vaults (5/5) D:14
  Crypt (0/3) Vaults:2     Depths (5/5) D:15            Zot (5/5) Depths:5

Altars:
Elyvilon
Gozag
Kikubaaqudgha
Nemelex Xobeh
Qazlal
Ru
Trog
Vehumet
Xom
Yredelemnul
Zin
The Shining One
Beogh
Jiyva

Shops:
D:11 ?   D:13 :((   Orc:1 (   Orc:2 *}:(!   Elf:1 }   Elf:2 *   Elf:3 [([:
Vaults:1 (   Vaults:3 =(*?   Vaults:4 (   Depths:1 *

Portals:
Hell: Depths:1 Depths:2 Depths:3 Depths:4 Depths:5
Abyss: Depths:4 Depths:5
Pandemonium: Depths:1 Depths:3 Depths:4
Ziggurat: Depths:3

Annotations:
Spider:4 exclusion: Roxanne, Roxanne


Innate Abilities, Weirdness & Mutations

You reflexively headbutt those who attack you in melee.
You have a pair of horns on your head.


Message History

You feel protected.
You feel the effects of Trog's Hand fading.
There is a stone staircase leading up here.
You are no longer corroded.
You climb upwards.
There is a stone staircase leading down here.
You flicker for a moment.
Your skin stops crawling.
You feel less resistant to hostile enchantments.
You flicker back into view.
You see here a short sword of electrocution.
Your extra speed is starting to run out.
You see here a short sword.
You feel yourself slow down.
There is an open door here.
You see here a club.
There is an open door here.
You see here a stone.
There is a staircase leading out of the dungeon here.
You have escaped!

#....≈§..§§§.§§....§...≈.....#
#....§..###########'##.≈.....#
#....≈..##..........##.≈.....#
#....≈..##.........###§≈...$.#
#....≈≈§##.........##.§§.....#
#....≈.§####)########§§§.....#
#....≈§.####(########..≈.....#
#..§§≈≈...##......##.§§§.....#
#....≈....##....@(##.§§§.....#
#....§....##......##...≈.....#
#....≈§...##########..≈≈.....#
#....§§≈§.##########.≈§≈.....#
#....≈≈≈§§...........≈§≈.....#
#..§.≈≈≈§≈§≈.......≈≈§§§§....#
#......§≈≈≈≈≈§.§§.§≈≈≈≈≈§....#
#..........≈≈§§§§≈§§≈≈≈§§....#
#..........§.≈≈§≈≈§§§...%..?.#


There were no monsters in sight!

Vanquished Creatures
  10 orbs of fire
  Mennas (Depths:3)
  4 ancient liches (Zot:5)
  A juggernaut (Depths:5)
  Sojobo (Depths:3)
  Norris (Vaults:1)
  Saint Roka (Vaults:4)
  Boris (Vaults:3)
  3 Killer Klowns (Zot:5)
  3 curse toes
  12 golden dragons
  Nikola (Elf:1)
  Jorgrun (Swamp:2)
  3 electric golems
  A Brimstone Fiend (D:6)
  15 tentacled monstrosities
  A Hell Sentinel (D:5)
  28 Orb Guardians
  3 liches
  A quicksilver dragon (Depths:2)
  2 titans (Vaults:5)
  2 deep elf master archers (Elf:3)
  3 deep elf blademasters
  2 acid blobs
  A Shadow Fiend (Zot:1)
  7 death cobs
  9 shadow dragons
  3 sphinxes
  4 thorn hunters
  Kirke (Lair:8)
  16 storm dragons
  8 fire giants
  6 draconian monks
  Wiglaf (Spider:4)
  2 azure jellies (Slime:1)
  6 tengu reavers
  8 frost giants
  3 draconian scorchers
  5 deep elf sorcerers
  Maud (Lair:6)
  3 draconian knights
  Louise (D:15)
  Aizul (Spider:1)
  15 vault wardens
  2 orc warlords
  7 deep elf elementalists
  A ghoul (Vaults:3)
  8 draconian shifters
  6 ghost moths
  2 draconian zealots
  4 emperor scorpions
  4 spriggan defenders
  10 ironheart preservers
  A stone giant (shapeshifter) (Depths:3)
  3 war gargoyles
  20 very ugly things
  7 draconian annihilators
  20 stone giants
  4 vampire knights
  8 draconian callers
  7 green draconians
  4 deep elf demonologists
  A salamander stormcaller (Depths:4)
  Azrael (D:12)
  9 black draconians
  11 mottled draconians
  10 purple draconians
  5 white draconians
  11 spark wasps
  6 deep elf annihilators
  12 red draconians
  13 yellow draconians
  13 deep elf death magi
  The ghost of Uberwunderbarhen the Nimble, a journeyman OpTm of Makhleb (Lair:8)
  A crystal guardian (Depths:3)
  17 ettins
  A death ooze (Slime:2)
  A minotaur (Lab)
  32 vault guards
  23 yaktaur captains
  A jiangshi (Vaults:2)
  16 fire dragons
  8 great orbs of eyes
  A fire dragon (shapeshifter) (Depths:3)
  19 ice dragons
  6 deep elf high priests
  5 rakshasas
  7 entropy weavers
  A hydra (shapeshifter) (Depths:3)
  3 ice dragons (shapeshifter) (Depths:3)
  A hell beast (D:7)
  8 spriggan air magi
  A monstrous demonspawn (Depths:4)
  31 hydras
  8 centaur warriors
  11 ogre magi
  A catoblepas (Lair:8)
  34 dancing weapons
  A queen ant (shapeshifter) (Depths:3)
  3 vampire magi
  3 death knights
  7 alligators
  9 deep troll shamans
  3 spriggan berserkers
  17 deep troll earth magi
  Urug (D:10)
  8 orc high priests
  2 tengu warriors (Depths:1)
  7 death yaks
  17 deep elf knights
  2 soul eaters
  A sun demon (Depths:3)
  3 skeletal warriors (Vaults:3)
  5 fire crabs
  12 hell knights
  A shadow wraith (Vaults:1)
  3 salamander mystics (Depths:3)
  44 deep trolls
  5 iron trolls
  2 unseen horrors
  A death drake (shapeshifter) (Elf:2)
  A spriggan druid (Swamp:4)
  14 deep elf archers
  12 swamp dragons
  4 giant orange brains
  A sea snake (shapeshifter) (Vaults:5)
  A gelid demonspawn (Depths:4)
  20 ironbrand convokers
  3 shambling mangroves
  A flayed ghost (Depths:4)
  7 hill giants
  33 orc knights
  5 phantasmal warriors
  Pikel (D:8)
  8 harpies
  3 necromancers
  13 orb spiders
  10 hornets
  6 griffons
  33 wolf spiders
  A wolf spider (shapeshifter) (Depths:3)
  A manticore (D:12)
  5 cyclopes
  16 orc sorcerers
  64 ugly things
  2 salamanders
  60 deep elf magi
  24 moths of wrath
  Grum (D:8)
  A centaur zombie (D:14)
  2 sixfirhies
  A griffon (shapeshifter) (Vaults:5)
  8 black mambas
  A stone giant skeleton (Vaults:4)
  A guardian serpent (shapeshifter) (Vaults:4)
  A black mamba (shapeshifter) (Depths:1)
  20 elephants
  An orange demon (Depths:3)
  2 rust devils
  A fire giant skeleton (Depths:1)
  The ghost of dvd the Magician, a novice DEFE (D:6)
  18 vault sentinels
  Maurice (Orc:2)
  4 gargoyles
  A guardian serpent (Lair:8)
  22 spiny frogs
  3 torpor snails
  A hellion (Depths:4)
  11 komodo dragons
  5 freezing wraiths
  A small abomination (Elf:3)
  An efreet (D:15)
  54 yaktaurs
  A yaktaur (shapeshifter) (D:15)
  7 fire drakes
  3 tengu conjurers
  4 kobold demonologists (Vaults:2)
  21 demonic crawlers
  37 jumping spiders
  2 trolls (shapeshifter)
  An entropy weaver zombie (Depths:1)
  An ancient zyme (Abyss:3)
  A jumping spider (shapeshifter) (Depths:1)
  17 wolves
  Prince Ribbit (D:9)
  11 trolls
  A queen bee (Spider:2)
  A giant leech (shapeshifter) (Depths:3)
  A wind drake (shapeshifter) (Vaults:1)
  A two-headed ogre (shapeshifter) (Elf:1)
  2 giant leeches
  44 slime creatures
  4 boulder beetles
  23 two-headed ogres
  3 bog bodies
  16 blink frogs
  A slime creature (shapeshifter) (Depths:3)
  A minotaur skeleton (Lab)
  99 redbacks
  9 water elementals
  3 shadows
  21 tarantellas
  5 wyverns
  6 wraiths
  6 spriggans
  5 air elementals
  A spriggan (shapeshifter) (Depths:5)
  49 yaks
  10 basilisks
  5 fire elementals
  A human (D:9)
  2 hogs (Lair:8)
  5 golden eyes (Slime:2)
  A hippogriff (shapeshifter) (Elf:2)
  33 vampire mosquitoes
  4 hungry ghosts
  9 hippogriffs
  23 wargs
  A harpy simulacrum (Depths:3)
  8 insubstantial wisps (Swamp:1)
  18 swamp worms
  A hydra simulacrum (Depths:3)
  7 mottled dragons
  2 water moccasins (shapeshifter)
  6 hell hounds (D:12)
  8 porcupines
  31 water moccasins
  A hell hound (shapeshifter) (Vaults:4)
  6 black bears
  An eye of draining (shapeshifter) (Elf:2)
  An eye of draining (Slime:2)
  5 sky beasts
  71 orc warriors
  14 swamp drakes
  3 ice beasts
  20 wasps
  An ice dragon simulacrum (Depths:1)
  2 phantoms
  5 boggarts
  A fire dragon simulacrum (Depths:3)
  A necrophage (D:8)
  37 ogres
  An elf skeleton (Vaults:4)
  2 centaurs (shapeshifter)
  20 crocodiles
  5 big kobolds
  25 centaurs
  5 earth elementals
  21 giant frogs
  A yaktaur skeleton (Depths:1)
  A water moccasin zombie (D:5)
  7 scorpions
  12 killer bees
  A human simulacrum (Vaults:4)
  A spriggan skeleton (Lab)
  7 wights
  2 electric eels
  10 crimson imps
  6 hounds
  A quasit (D:5)
  A giant frog zombie (D:13)
  12 jellies
  2 centaur skeletons
  47 orc priests
  30 orc wizards
  3 giant frog skeletons
  21 iguanas
  Terence (D:2)
  12 worker ants
  13 human skeletons
  16 sheep
  A hound zombie (D:9)
  3 worker ant zombies
  11 gnolls
  27 adders
  66 river rats
  4 shadow imps
  An ooze (shapeshifter) (Vaults:5)
  An ufetubus (Depths:5)
  3 oozes (D:1)
  2 adder skeletons
  2 worms
  8 giant geckos
  189 orcs
  8 bats
  5 giant cockroaches
  9 goblins
  9 hobgoblins
  5 jackals
  35 kobolds
  5 quokkas
  2 ball pythons
  A giant gecko skeleton (D:4)
  3 giant newts
  11 rats
  A spectral orc (D:6)
  7 briar patches
  A butterfly (Lair:1)
  14 fungi
  12 plants
2804 creatures vanquished.

Vanquished Creatures (collateral kills)
  Margery (Vaults:5)
  A shadow dragon (Vaults:5)
  2 stone giants
  A green draconian (Zot:1)
  A white draconian (Zot:1)
  A vault guard (Vaults:4)
  A hydra (Lair:4)
  A centaur warrior (D:15)
  An ogre mage (Vaults:5)
  2 deep troll earth magi (Depths:2)
  2 hell knights
  4 deep trolls
  2 phantasmal warriors
  A deep elf archer (Vaults:5)
  An orc knight (Vaults:5)
  2 deep elf magi
  A freezing wraith (Vaults:4)
  A two-headed ogre (Vaults:5)
  A chaos spawn (Depths:5)
  An ogre (Vaults:5)
  A centaur (D:15)
29 creatures vanquished.

Vanquished Creatures (others)
  A Killer Klown (Zot:1)
  An eldritch tentacle (Zot:5)
  A tengu reaver (Vaults:4)
  A deep elf elementalist (Elf:3)
  A ghost moth (Zot:4)
  2 draconian zealots (Zot:1)
  A black draconian (Zot:1)
  A deep troll earth mage (Depths:3)
  A deep elf knight (Elf:2)
  A deep elf mage (Vaults:2)
  An ugly thing (Depths:2)
  2 yaktaurs
  A tengu conjurer (Depths:1)
  A redback (Spider:4)
  2 humans (Lair:8)
  A warg (Vaults:4)
  A swamp worm (Swamp:2)
  An orc warrior (Vaults:5)
  3 slaves (D:8)
  2 ogres (Vaults:5)
  3 boggarts
  A crocodile (Lair:8)
  A worker ant (Lair:8)
  A sheep (Lair:8)
  An adder (Lair:8)
  A river rat (Lair:2)
  An orc (Orc:2)
  2 briar patches (Swamp:4)
  72 eldritch tentacle segments (Zot:5)
  46 fungi
  40 plants
195 creatures vanquished.

Grand Total: 3028 creatures vanquished

Notes
Turn   | Place    | Note
--------------------------------------------------------------
     0 | D:1      | PierrePorte the Minotaur Berserker began the quest for the Orb.
     0 | D:1      | Reached XP level 1. HP: 19/19 MP: 0/0
    60 | D:1      | Reached skill level 4 in Axes
    60 | D:1      | Reached XP level 2. HP: 26/26 MP: 1/1
   378 | D:1      | Reached skill level 5 in Axes
   396 | D:1      | Reached XP level 3. HP: 25/31 MP: 2/2
   607 | D:1      | Reached ** piety under Trog
  1202 | D:2      | Noticed Terence
  1235 | D:2      | Killed Terence
  1235 | D:2      | Reached skill level 6 in Axes
  1235 | D:2      | Reached XP level 4. HP: 39/39 MP: 3/3
  2227 | D:3      | Reached XP level 5. HP: 45/45 MP: 4/4
  2249 | D:3      | Reached skill level 7 in Axes
  2563 | D:4      | Reached *** piety under Trog
  2710 | D:4      | Reached skill level 8 in Axes
  3064 | D:4      | Reached XP level 6. HP: 34/51 MP: 5/5
  3197 | D:4      | Found a white marble altar of Elyvilon.
  3265 | D:5      | Entered Level 5 of the Dungeon
  3287 | D:5      | Found a shimmering altar of Xom.
  3287 | D:5      | Found an ancient bone altar of Kikubaaqudgha.
  3385 | D:5      | Reached skill level 9 in Axes
  3855 | D:5      | Reached XP level 7. HP: 49/57 MP: 6/6
  4071 | D:6      | Found a basalt altar of Yredelemnul.
  4144 | D:6      | Reached skill level 10 in Axes
  4342 | D:6      | Noticed dvd's ghost (novice DEFE)
  4378 | D:6      | Killed dvd's ghost
  4378 | D:6      | Reached skill level 11 in Axes
  4563 | D:6      | Reached XP level 8. HP: 64/64 MP: 7/7
  4743 | D:7      | Reached skill level 12 in Axes
  4756 | D:7      | Got a faintly humming chain mail
  4765 | D:7      | Identified the +9 chain mail of Gira Xuo {rF++} (You found it on level 7 of the Dungeon)
  5062 | D:7      | Reached skill level 13 in Axes
  5172 | D:7      | Found a stormy altar of Qazlal.
  5257 | D:7      | Found a sparkling altar of Nemelex Xobeh.
  5299 | D:7      | Found a bloodstained altar of Trog.
  5300 | D:7      | Found a radiant altar of Vehumet.
  5300 | D:7      | Found a glowing silver altar of Zin.
  5302 | D:7      | Found a glowing golden altar of the Shining One.
  5303 | D:7      | Found an opulent altar of Gozag.
  5493 | D:7      | Reached XP level 9. HP: 68/70 MP: 8/8
  5532 | D:7      | Reached skill level 14 in Axes
  5621 | D:7      | Found a staircase to the Ecumenical Temple.
  5627 | Temple   | Entered the Ecumenical Temple
  5766 | D:7      | Reached **** piety under Trog
  6020 | D:8      | Got a distressingly furry ring mail
  6056 | D:8      | Found a sacrificial altar of Ru.
  6139 | D:7      | Identified the cursed +1 ring mail "Ubloa" {rN+ Slay+6} (You found it on level 8 of the Dungeon)
  6258 | D:8      | Reached skill level 15 in Axes
  6601 | D:8      | Noticed Pikel
  6626 | D:8      | Killed Pikel
  6626 | D:8      | Reached skill level 5 in Fighting
  6742 | D:8      | Noticed Grum
  6954 | D:8      | Reached skill level 5 in Armour
  7298 | D:8      | Reached XP level 10. HP: 78/83 MP: 9/9
  7332 | D:8      | Killed Grum
  8120 | D:9      | Reached skill level 16 in Axes
  8298 | D:9      | Noticed an orc knight
  8304 | D:9      | Noticed an orc knight
  8306 | D:9      | Noticed an orc sorcerer
  8340 | D:9      | Killed an orc knight
  8348 | D:9      | Killed an orc sorcerer
  8350 | D:9      | Reached XP level 11. HP: 97/97 MP: 10/10
  8626 | D:9      | Reached ***** piety under Trog
  8760 | D:9      | Killed an orc knight
  9016 | D:9      | Received a gift from Trog
  9193 | D:9      | Reached skill level 10 in Fighting
  9445 | D:9      | Noticed a wolf spider
  9451 | D:9      | Killed a wolf spider
  9488 | D:9      | Got a faintly glowing golden ring
  9489 | D:9      | Identified the ring of Utoshug {+Fly Int+4 Stlth-} (You found it on level 9 of the Dungeon)
  9525 | D:9      | Noticed Prince Ribbit
  9565 | D:9      | Reached skill level 10 in Armour
  9570 | D:9      | Killed Prince Ribbit
 10135 | D:10     | Entered Level 10 of the Dungeon
 10289 | D:10     | Found a staircase to the Lair.
 10490 | D:10     | Found a staircase to the Orcish Mines.
 10509 | D:10     | Noticed Urug
 10528 | D:10     | Killed Urug
 11832 | Lair:1   | Entered Level 1 of the Lair of Beasts
 11887 | Lair:1   | Upgraded the game from 0.18-a0-1300-g6e8322c to 0.18-a0-1303-g41c131c
 11889 | Lair:1   | Gained mutation: You are weak. (Str -2) [potion of mutation]
 11889 | Lair:1   | Gained mutation: Your system is resistant to poisons. [potion of mutation]
 11889 | Lair:1   | Gained mutation: You evolve. [potion of mutation]
 11890 | Lair:1   | Lost mutation: You are weak. (Str -2) [potion of cure mutation]
 11890 | Lair:1   | Lost mutation: You evolve. [potion of cure mutation]
 11890 | Lair:1   | Lost mutation: Your system is resistant to poisons. [potion of cure mutation]
 12456 | Lair:1   | Reached XP level 12. HP: 62/112 MP: 11/11
 13714 | Lair:2   | Identified a scroll of acquirement
 14112 | Lair:2   | Received a gift from Trog
 14113 | Lair:2   | Got a faintly glowing executioner's axe {god gift}
 14114 | Lair:2   | Identified the +4 executioner's axe of Pain and Death {chop, Dex+4} (Trog gifted it to you on level 2 of the Lair of Beasts)
 14535 | Lair:2   | Reached skill level 17 in Axes
 15032 | Lair:3   | Noticed a death yak
 15041 | Lair:3   | Killed a death yak
 15049 | Lair:3   | Found a staircase to the Swamp.
 15537 | Lair:3   | Reached skill level 18 in Axes
 15694 | Lair:4   | Reached XP level 13. HP: 94/122 MP: 12/12
 15695 | Lair:4   | Received a gift from Trog
 16476 | Lair:4   | Reached skill level 19 in Axes
 17138 | Lair:5   | Received a gift from Trog
 17424 | Lair:6   | Noticed Maud
 17441 | Lair:6   | Killed Maud
 17559 | Lair:6   | Found a hole to the Spider Nest.
 17758 | Lair:6   | Reached skill level 20 in Axes
 18645 | Lair:7   | Reached XP level 14. HP: 81/129 MP: 13/13
 19038 | Lair:7   | Reached skill level 21 in Axes
 19113 | Lair:7   | Received a gift from Trog
 19455 | Lair:8   | Entered Level 8 of the Lair of Beasts
 19455 | Lair:8   | Noticed Kirke
 19465 | Lair:8   | Killed Kirke
 20110 | Lair:8   | Noticed Uberwunderbarhen's ghost (journeyman OpTm)
 20125 | Lair:8   | Killed Uberwunderbarhen's ghost
 20437 | Lair:8   | Received a gift from Trog
 20444 | Lair:8   | Found a viscous altar of Jiyva.
 20486 | Lair:8   | Found a staircase to the Slime Pits.
 20583 | Lair:8   | Reached skill level 22 in Axes
 21103 | Orc:1    | Entered Level 1 of the Orcish Mines
 21248 | Orc:1    | Found Naro's Weapon Shop.
 21272 | Orc:1    | Found a roughly hewn altar of Beogh.
 21710 | Orc:2    | Entered Level 2 of the Orcish Mines
 21727 | Orc:2    | Noticed an orc warlord
 21745 | Orc:2    | Killed an orc warlord
 21745 | Orc:2    | Reached skill level 15 in Fighting
 21856 | Orc:2    | Found a staircase to the Elven Halls.
 22054 | Orc:2    | Reached XP level 15. HP: 123/141 MP: 14/14
 22297 | Orc:2    | Found Ethroczuts's Distillery.
 22336 | Orc:2    | Bought a potion of curing for 45 gold pieces
 22336 | Orc:2    | Bought a potion of might for 60 gold pieces
 22633 | Orc:2    | Received a gift from Trog
 22635 | Orc:2    | Reached skill level 23 in Axes
 23039 | Orc:2    | Noticed Maurice
 23047 | Orc:2    | Killed Maurice
 23695 | Orc:2    | Found Butadeasm's Weapon Boutique.
 23695 | Orc:2    | Found Weriem's Book Boutique.
 23696 | Orc:2    | Found Meab's General Store.
 23696 | Orc:2    | Found Apuhog's Gadget Shop.
 23704 | Orc:2    | Bought a potion of curing for 33 gold pieces
 23708 | Orc:2    | Bought a lamp of fire for 600 gold pieces
 24185 | Swamp:1  | Entered Level 1 of the Swamp
 24684 | D:11     | Found Zaewa's Magic Scroll Shoppe.
 24823 | D:11     | Bought a scroll of identify for 28 gold pieces
 24823 | D:11     | Bought a scroll of identify for 28 gold pieces
 24823 | D:11     | Bought a scroll of fog for 28 gold pieces
 24823 | D:11     | Bought a scroll of identify for 28 gold pieces
 24823 | D:11     | Bought a scroll of magic mapping for 49 gold pieces
 25626 | D:12     | Reached ****** piety under Trog
 25665 | D:12     | Received a gift from Trog
 25747 | D:12     | Noticed Azrael
 25760 | D:12     | Killed Azrael
 26026 | D:12     | Reached skill level 24 in Axes
 26050 | D:12     | Found a labyrinth entrance.
 26062 | Lab      | Entered a labyrinth
 27016 | Lab      | Got a scintillating bone ring
 27039 | Lab      | Got an iridescent battleaxe
 27040 | Lab      | Identified the +7 battleaxe of the Wasp {chop, rF+} (You found it in a labyrinth)
 27043 | Lab      | Identified the ring "Wosuqoji" {SustAt *Confuse rF- Int+8 SInv} (You found it in a labyrinth)
 27417 | D:13     | Found Inap's Antique Weapon Shoppe.
 27511 | D:13     | Found Udwair's Book Boutique.
 27538 | D:13     | Found Usir's Weapon Boutique.
 27539 | D:13     | Received a gift from Trog
 27806 | D:14     | Reached XP level 16. HP: 152/154 MP: 15/15
 28368 | D:13     | Reached XP level 17. HP: 160/160 MP: 16/16
 28624 | D:14     | Got a scorched ring mail
 28635 | D:14     | Identified the +4 ring mail of Odaejigu {rF+ MP+9 Dex-4} (You found it on level 14 of the Dungeon)
 29592 | D:14     | Received a gift from Trog
 29605 | D:14     | Found a gate to the Vaults.
 29972 | D:15     | Entered Level 15 of the Dungeon
 29991 | D:15     | Noticed Louise
 30001 | D:15     | Killed Louise
 30001 | D:15     | Reached skill level 15 in Armour
 30582 | D:15     | Found a staircase to the Depths.
 32600 | Swamp:2  | Received a gift from Trog
 32659 | Swamp:2  | Noticed Jorgrun
 32671 | Swamp:2  | Killed Jorgrun
 33950 | Swamp:4  | Entered Level 4 of the Swamp
 34155 | Swamp:3  | Reached XP level 18. HP: 85/173 MP: 17/17
 34608 | Swamp:4  | Got a decaying rune of Zot
 35529 | Spider:1 | Entered Level 1 of the Spider Nest
 35802 | Spider:1 | Received a gift from Trog
 36437 | Spider:1 | Noticed Aizul
 36447 | Spider:1 | Killed Aizul
 38582 | Spider:3 | Received a gift from Trog
 39200 | Spider:4 | Entered Level 4 of the Spider Nest
 39321 | Spider:4 | Noticed Wiglaf
 39342 | Spider:4 | Killed Wiglaf
 39497 | Spider:4 | Noticed Roxanne
 39632 | Spider:4 | Received a gift from Trog
 40372 | Spider:4 | Reached XP level 19. HP: 185/185 MP: 18/18
 41139 | Spider:4 | Received a gift from Trog
 41151 | Spider:4 | Got a translucent bardiche {god gift}
 41494 | Spider:4 | Reached skill level 5 in Dodging
 41571 | Spider:4 | Got a gossamer rune of Zot
 41847 | Elf:1    | Entered Level 1 of the Elven Halls
 41862 | Elf:1    | Noticed Nikola
 41878 | Elf:1    | Killed Nikola
 42330 | Elf:1    | Found Qofoxuyn's Gadget Shoppe.
 42334 | Elf:1    | Bought a wand of teleportation (3/9) for 231 gold pieces
 42737 | Elf:1    | Received a gift from Trog
 42812 | Elf:1    | Found a radiant altar of Vehumet.
 43123 | Elf:2    | Found Dafompo's General Store.
 43151 | Elf:2    | Bought a potion of flight for 51 gold pieces
 43151 | Elf:2    | Bought a wand of digging (11/24) for 510 gold pieces
 43151 | Elf:2    | Bought a scroll of teleportation for 51 gold pieces
 43583 | Elf:2    | Found a runed gate.
 43583 | Elf:2    | Found a runed gate.
 43586 | Elf:2    | Found a runed gate.
 44978 | Elf:3    | Entered Level 3 of the Elven Halls
 45455 | Elf:3    | Reached XP level 20. HP: 178/192 MP: 19/19
 46363 | Elf:3    | Got a steaming iron amulet
 46604 | Elf:3    | Identified the amulet of Izainaba {Dismiss rC+ Int+3 Dex-5} (You took it off a deep elf blademaster on level 3 of the Elven Halls)
 46761 | Elf:3    | Got a scorched lapis lazuli ring
 46763 | Elf:3    | Found Qiur's Armour Shop.
 46791 | Elf:3    | Bought the cursed -3 pair of gloves of Divine Intervention {-Cast rElec rC++ rCorr} for 199 gold pieces
 46880 | Elf:3    | Found Rydwal's Weapon Emporium.
 46895 | Elf:3    | Found Jaboupemm's Antique Armour Shoppe.
 46968 | Elf:3    | Reached skill level 10 in Dodging
 47085 | Elf:3    | Got a faintly glowing steel ring
 47087 | Elf:3    | Identified the ring "Arhisy" {Fire -Tele rElec MP+9 SInv} (You acquired it on level 3 of the Elven Halls)
 47089 | Elf:3    | Identified the ring "Soepih" {rElec rN+ MP-9 Int+5 Stlth+} (You took it off a deep elf death mage on level 3 of the Elven Halls)
 47111 | Elf:3    | Found Gualemex's Book Shop.
 47251 | Elf:3    | Received a gift from Trog
 47252 | Elf:3    | Got a jewelled halberd {god gift}
 47590 | Elf:3    | Reached skill level 1 in Unarmed Combat
 47640 | Elf:3    | Got a dazzling great mace {vamp}
 47641 | Elf:3    | Identified the +10 great mace of Summer {vamp, Int+4} (You took it off a deep elf death mage on level 3 of the Elven Halls)
 47900 | Elf:3    | Upgraded the game from 0.18-a0-1303-g41c131c to 0.18-a0-1311-g779ca93
 48188 | Lair:2   | Upgraded the game from 0.18-a0-1311-g779ca93 to 0.18-a0-1323-g706dcef
 48206 | Lair:2   | Gained mutation: You occasionally shout uncontrollably at your foes. [helix card]
 48349 | Slime:1  | Entered Level 1 of the Pits of Slime
 48660 | Slime:1  | Reached skill level 5 in Unarmed Combat
 49547 | Vaults:1 | Entered Level 1 of the Vaults
 50069 | Vaults:1 | Found Icveliag's Antique Weapon Shop.
 50110 | Vaults:1 | Cast into level 3 of the Abyss (a deep elf demonologist)
 50110 | Abyss:3  | Found a corrupted altar of Lugonu.
 50237 | Vaults:1 | Escaped the Abyss
 50320 | Vaults:1 | Noticed Norris
 50347 | Vaults:1 | Killed Norris
 50347 | Vaults:1 | Reached skill level 10 in Unarmed Combat
 50763 | Vaults:1 | Reached XP level 21. HP: 115/201 MP: 20/20
 51099 | Vaults:1 | Received a gift from Trog
 53333 | Vaults:2 | Found a staircase to the Crypt.
 53441 | Vaults:2 | Received a gift from Trog
 54589 | Vaults:2 | Reached skill level 15 in Unarmed Combat
 54873 | Vaults:3 | Received a gift from Trog
 55105 | Vaults:3 | Noticed Boris
 55128 | Vaults:3 | Killed Boris
 55695 | Vaults:3 | Received a gift from Trog
 55719 | Vaults:3 | Reached XP level 22. HP: 141/209 MP: 12/21
 56128 | Vaults:3 | Found Uliabeimer's Magic Scroll Shop.
 56159 | Vaults:3 | Bought a scroll of fear for 52 gold pieces
 56159 | Vaults:3 | Bought a scroll of blinking for 112 gold pieces
 56159 | Vaults:3 | Bought a scroll of identify for 30 gold pieces
 56159 | Vaults:3 | Bought a scroll of identify for 30 gold pieces
 56159 | Vaults:3 | Bought a scroll of enchant weapon for 112 gold pieces
 56159 | Vaults:3 | Bought a scroll of identify for 30 gold pieces
 56299 | Vaults:3 | Found Jarigeq's General Store.
 56334 | Vaults:3 | Received a gift from Trog
 56352 | Vaults:3 | Found Miedi's Jewellery Shop.
 56357 | Vaults:3 | Bought a scroll of enchant armour for 120 gold pieces
 56377 | Vaults:3 | Found Quudgh's Antique Weapon Shop.
 57216 | Vaults:4 | Found Entitauv's Antique Weapon Boutique.
 57298 | Vaults:4 | Received a gift from Trog
 57693 | Vaults:4 | Noticed Saint Roka
 57710 | Vaults:4 | Killed Saint Roka
 57987 | Vaults:5 | Entered Level 5 of the Vaults
 58078 | Vaults:4 | Reached skill level 15 in Dodging
 58229 | Vaults:5 | Noticed Margery
 58247 | Vaults:4 | Received a gift from Trog
 58760 | Vaults:5 | Killed Margery
 58773 | Vaults:5 | Noticed a golden dragon
 58847 | Vaults:4 | Killed a golden dragon
 60246 | Vaults:5 | Reached XP level 23. HP: 215/215 MP: 13/22
 63091 | Vaults:5 | Received a gift from Trog
 63171 | Vaults:5 | Got a smoking wooden ring
 63412 | Vaults:4 | Identified the ring of the Forsaken Blessings {rPois rC+} (You took it off a deep elf annihilator on level 5 of the Vaults)
 63522 | Vaults:5 | Got a fine golden ring
 64057 | Vaults:4 | Identified the cursed ring "Ymual" {*Corrode +Blink rF+ rC++ Dex-2} (You took it off an ogre mage on level 5 of the Vaults)
 64158 | Vaults:5 | Got a pearl-encrusted chain mail
 64159 | Vaults:5 | Identified the +0 chain mail of Yredelemnul's Esteem {rElec rC+} (You found it on level 5 of the Vaults)
 64163 | Vaults:5 | Got a pair of polished gloves
 64174 | Vaults:5 | Identified the +1 pair of gloves of Laciecot {rElec Str+4 Dex-2 Stlth+} (You found it on level 5 of the Vaults)
 64609 | Vaults:5 | Got a brightly glowing steel ring
 64611 | Vaults:5 | Identified the ring of the Final Decision {Ice Int+4 Stlth+} (You found it on level 5 of the Vaults)
 64848 | Vaults:5 | Got a slimy steel ring
 64850 | Vaults:5 | Identified the ring of the Catfish {rCorr rElec Slay+3} (You found it on level 5 of the Vaults)
 64885 | Vaults:5 | Got a silver rune of Zot
 64919 | Vaults:5 | Received a gift from Trog
 65340 | D:14     | Upgraded the game from 0.18-a0-1323-g706dcef to 0.18-a0-1343-g48c8f86
 65659 | Depths:1 | Entered Level 1 of the Depths
 65659 | Depths:1 | Found Sowe Lin's Assorted Antiques.
 65784 | Depths:1 | Bought 2 potions of flight for 144 gold pieces
 65784 | Depths:1 | Bought a scroll of fear for 84 gold pieces
 65784 | Depths:1 | Bought a scroll of blinking for 180 gold pieces
 66376 | Depths:1 | Received a gift from Trog
 66544 | Depths:1 | Found a one-way gate leading to the halls of Pandemonium.
 66783 | Depths:1 | Found a gateway to Hell.
 66931 | Depths:1 | Reached XP level 24. HP: 204/224 MP: 13/22
 67811 | Depths:2 | Received a gift from Trog
 68684 | Depths:2 | Got a distressingly furry hat
 68690 | Depths:2 | Identified the +2 hat "Boin" {rElec rF- MR+ Str+3} (You found it on level 2 of the Depths)
 68898 | Depths:3 | Reached skill level 25 in Axes
 69099 | Depths:3 | Noticed Sojobo
 69107 | Depths:3 | Received a gift from Trog
 69111 | Depths:3 | Killed Sojobo
 69172 | Depths:3 | You fall through a shaft!
 69607 | Depths:3 | Noticed Mennas
 69624 | Depths:3 | Killed Mennas
 70104 | Depths:3 | Received a gift from Trog
 70105 | Depths:3 | Got a warped triple sword {god gift}
 70106 | Depths:3 | Identified the +4 triple sword "Keotuato" {slice, rElec Int-2 Stlth+} (Trog gifted it to you on level 3 of the Depths)
 70627 | Depths:3 | Reached XP level 25. HP: 225/231 MP: 13/22
 70665 | Depths:3 | Found a gateway to a ziggurat.
 71096 | Depths:4 | Got a jewelled plate armour
 71185 | Depths:4 | Identified the +4 plate armour of Annagi {+Blink rElec Str+2} (You found it on level 4 of the Depths)
 71584 | Depths:4 | Found a one-way gate to the infinite horrors of the Abyss.
 71707 | Depths:5 | Entered Level 5 of the Depths
 71915 | Depths:5 | Received a gift from Trog
 72439 | Depths:5 | Noticed a juggernaut
 72446 | Depths:5 | Killed a juggernaut
 73227 | Depths:5 | Reached skill level 26 in Axes
 73411 | Depths:5 | Found a gate to the Realm of Zot.
 73433 | Zot:1    | Entered Level 1 of the Realm of Zot
 73755 | Zot:1    | Received a gift from Trog
 73847 | Zot:1    | Found a huge runed gate.
 73847 | Zot:1    | Found a huge runed gate.
 73847 | Zot:1    | Found a huge runed gate.
 73847 | Zot:1    | Found a huge runed gate.
 73851 | Zot:1    | Found a huge runed gate.
 73851 | Zot:1    | Found a huge runed gate.
 73851 | Zot:1    | Found a huge runed gate.
 73851 | Zot:1    | Found a huge runed gate.
 73852 | Zot:1    | Found a huge runed gate.
 73853 | Zot:1    | Found a huge runed gate.
 73863 | Zot:1    | Found a huge runed gate.
 73863 | Zot:1    | Found a huge runed gate.
 73876 | Zot:1    | Noticed an orb of fire
 73888 | Zot:1    | Killed an orb of fire
 74707 | Zot:1    | Reached XP level 26. HP: 207/239 MP: 22/22
 74954 | Zot:1    | Received a gift from Trog
 75221 | Zot:2    | Reached skill level 27 in Axes
 75423 | Zot:2    | Reached skill level 27 in Armour
 76115 | Zot:2    | Got a twisted chain mail
 76126 | Zot:2    | Identified the cursed +0 chain mail "Fihoux" {+Fly rC+ Str+4 Slay-6} (You found it on level 2 of the Realm of Zot)
 76407 | Zot:3    | Received a gift from Trog
 77563 | Zot:4    | Got a pair of encrusted gloves
 77574 | Zot:4    | Identified the +1 pair of gloves of Qimaar {Dex+2} (You found it on level 4 of the Realm of Zot)
 78561 | Zot:5    | Entered Level 5 of the Realm of Zot
 78919 | Zot:5    | Noticed an ancient lich
 78928 | Zot:5    | Killed an ancient lich
 79021 | Zot:5    | Noticed an orb of fire
 79046 | Zot:5    | Killed an orb of fire
 79220 | Zot:5    | Noticed an ancient lich
 79223 | Zot:5    | Killed an ancient lich
 79279 | Zot:5    | Reached XP level 27. HP: 193/254 MP: 22/22
 81169 | Zot:5    | Noticed an ancient lich
 81199 | Zot:5    | Killed an ancient lich
 81364 | Zot:5    | Noticed an orb of fire
 81380 | Zot:5    | Killed an orb of fire
 81428 | Zot:5    | Noticed an orb of fire
 81429 | Zot:5    | Gained mutation: Armour fits poorly on your strangely shaped body. [an orb of fire]
 81445 | Zot:5    | Killed an orb of fire
 81664 | Zot:5    | Noticed an ancient lich
 81681 | Zot:5    | Killed an ancient lich
 81693 | Zot:5    | Received a gift from Trog
 82190 | Zot:5    | Noticed an orb of fire
 82200 | Zot:5    | Killed an orb of fire
 82384 | Zot:5    | Noticed an orb of fire
 82401 | Zot:5    | Noticed an orb of fire
 82409 | Zot:5    | Gained mutation: Your spells are a little easier to cast, but a little less powerful. [an orb of fire]
 82414 | Zot:5    | Killed an orb of fire
 82415 | Zot:5    | Killed an orb of fire
 82657 | Zot:5    | Noticed an orb of fire
 82666 | Zot:5    | Gained mutation: You regenerate slowly when monsters are visible. [an orb of fire]
 82670 | Zot:5    | Killed an orb of fire
 82918 | Zot:5    | Paralysed by the power of Zot for 4 turns
 83001 | Zot:5    | Noticed an orb of fire
 83006 | Zot:5    | Gained mutation: You have a pair of large horns on your head. [an orb of fire]
 83011 | Zot:5    | Gained mutation: You sometimes yell uncontrollably at your foes. [an orb of fire]
 83021 | Zot:5    | Gained mutation: You are occasionally teleported next to monsters. [an orb of fire]
 83025 | Zot:5    | Killed an orb of fire
 83027 | Zot:5    | Lost mutation: Your spells are a little easier to cast, but a little less powerful. [potion of cure mutation]
 83027 | Zot:5    | Lost mutation: Armour fits poorly on your strangely shaped body. [potion of cure mutation]
 83027 | Zot:5    | Lost mutation: You have a pair of large horns on your head. [potion of cure mutation]
 83027 | Zot:5    | Lost mutation: You sometimes yell uncontrollably at your foes. [potion of cure mutation]
 83028 | Zot:5    | Lost mutation: You occasionally shout uncontrollably at your foes. [potion of cure mutation]
 83028 | Zot:5    | Lost mutation: You are occasionally teleported next to monsters. [potion of cure mutation]
 83028 | Zot:5    | Lost mutation: You regenerate slowly when monsters are visible. [potion of cure mutation]
 83786 | Zot:5    | Noticed an orb of fire
 83788 | Zot:5    | Gained mutation: You are frail (-10% HP). [an orb of fire]
 83805 | Zot:5    | Killed an orb of fire
 84024 | Zot:5    | Got the Orb of Zot
 84132 | Zot:2    | Lost mutation: You are frail (-10% HP). [potion of cure mutation]
 85026 | D:$      | Escaped with the Orb!

Vault maps used:
D:1:      erik_arrival_gehennom, interstate_on_off
D:2:      first_bread, corexii_item_surrounded_by_moat, uniq_terence
D:3:      corexii_shack_village, moated_statue
D:4:      elyvilon_altar_4
D:5:      gammafunk_temple_overflow_elements
D:6:      yredelemnul_forgotten_temple_becter
D:7:      minmay_opposing_rooms, minitemple, minmay_temple_entry_enclosed_plants
D:8:      basic_altar, uniq_grum, uniq_pikel
D:9:      lemuel_castle_with_subvaults, grunt_livestock,
          kennysheep_just_a_vault, uniq_prince_ribbit1
D:10:     minmay_lair_entry_lava, hiddenorc2_lemuel, kennysheep_generic_room_16,
          uniq_urug
D:11:     serial_shops, shop, moated_statue
D:12:     lab_entry_generic, uniq_azrael
D:13:     serial_shops, nicolae_shop_stone, shop, shop, nicolae_benzene_ring
D:14:     grunt_vaults_entry_fortified, roderic_roman_lattice
D:15:     grunt_enter_depths_hoard, dk_noncrumbling_2, corexii_leaking_fountain,
          minmay_gold_behind_fungi, uniq_louise
Temple:   jpeg_temple_clearing_9
Lair:1:   lemuel_fruit_fields, serial_bayou_shore_a
Lair:2:   mu_elephants_graveyard
Lair:3:   minmay_swamp_entry_reptiles
Lair:4:   st_stairs_9, infiniplex_staircase_pool_2, grunt_megastairs_1,
          lemuel_fruit_fields
Lair:5:   grunt_megastairs_2
Lair:6:   spider_nest_entry_a, lemuel_fruit_fields, uniq_maud
Lair:8:   hangedman_lair_tendril_chambers, guppyfry_lair_end_dragon,
          slime_altar_1, grunt_megastairs_3, uniq_kirke
Swamp:1:  evilmike_swamp_ruin_house_5, st_swamp_ruins_1
Swamp:2:  evilmike_swamp_ruin_house_3, uniq_jorgrun
Swamp:3:  evilmike_swamp_ruin_wall
Swamp:4:  swamp
Spider:1: uniq_aizul
Spider:2: nicolae_looking_at_the_future
Spider:3: hangedman_spider_tarantella_strand
Spider:4: spider_rune_water, uniq_wiglaf, uniq_roxanne
Orc:1:    basic_altar, serial_shops, shop_statue
Orc:2:    st_orc_pillars, guppyfry_orc_lava_fort, uniq_maurice
Elf:1:    serial_shops, nicolae_shop_competitors_out_of_business, basic_altar,
          minmay_elf_sorcery, uniq_nikola
Elf:2:    serial_shops, shop, lemuel_elevator
Elf:3:    grunt_elf_hall_diamonds, serial_shops, nicolae_shop_stone,
          nicolae_shop_trees, shop_statue, shop
Vaults:1: v_misc_11, vaults_dpeg_diagonal, nicolae_vaults_little_squares_1,
          hangedman_vaults_stitches, dpeg_vaults_monster_box, vaults_room_pool,
          nicolae_vaults_diagonal_hallway_7, serial_shops, nicolae_shop_crystal,
          uniq_norris
Vaults:2: minmay_crypt_entry_simple_walls, kb_rosetta, ontoclasm_vaults_gateway,
          vaults_mumra_lcd, hangedman_vaults_stagger, hangedman_vaults_capsules,
          hangedman_vaults_trim, nicolae_vaults_border_crossing,
          nicolae_vaults_gold_heap
Vaults:3: v_misc_12, hangedman_vaults_trim, dpeg_vaults_monster_row, v_misc_27,
          v_misc_11, hangedman_vaults_stream, serial_shops, shop,
          nicolae_shop_overgrown_old_shop,
          nicolae_shop_temple_entry_statues_fountains, shop_fountains,
          uniq_boris
Vaults:4: v_misc_16, v_misc_11, nicolae_vaults_diagonal_hallway_7, v_pattern_1,
          ontoclasm_vaults_loading_screen, vaults_dpeg_ring,
          ontoclasm_vaults_ring_large, v_misc_27, hangedman_vaults_river_flow,
          vaults_room_pools, ontoclasm_vaults_decontamination, serial_shops,
          nicolae_shop_stone, uniq_saint_roka
Vaults:5: uniq_margery
Depths:1: serial_shops, nicolae_shop_overgrown_old_shop,
          infiniplex_staircase_pool_lava, pf_coc_iceberg,
          rand_demon_pan_entry_9, lemuel_old_faithful
Depths:2: minmay_swirls_squares, hell_entry, nrook_mini_vaults,
          grunt_decor_mini_mirrors, basic_stair_grate_trap,
          infiniplex_staircase_hallway_doors
Depths:3: hangedman_crystal_crosses_colossus, hell_entry, pan_entry,
          uniq_mennas, uniq_sojobo
Depths:4: kennysheep_cluttered_fort, abyss_entry_crystal,
          rand_demon_pan_entry_3, hell_entry, minmay_tree_intersection,
          firewood_loft, minmay_staircase_windowed_large
Depths:5: grunt_zot_entry_hairpin, abyss_entry, hell_entry,
          lightli_corner_chamber, serial_bayou_shore_b,
          kennysheep_random_hallway
Zot:1:    lemuel_baited_zot_trap, door_vault
Zot:3:    hangedman_zot_gyre
Abyss:3:  grunt_abyss_rune_twisted_forest, evilmike_abyss_exit_16
Lab:      nicolae_lab_statue, nicolae_lab_grate, nicolae_lab_garden

Action                   |  1- 3 |  4- 6 |  7- 9 | 10-12 | 13-15 | 16-18 | 19-21 | 22-24 | 25-27 || total
-------------------------+-------+-------+-------+-------+-------+-------+-------+-------+-------++-------
Melee: Hand axe          |    66 |   185 |   333 |   428 |       |       |       |       |       ||  1012
       War axe           |       |       |    37 |   218 |       |       |       |       |       ||   255
       Broad axe         |       |       |       |   181 |       |       |       |       |       ||   181
       Executioner's axe |       |       |       |   140 |   776 |       |       |       |       ||   916
       Battleaxe         |       |       |       |       |   303 |  1126 |  1500 |  1077 |  1446 ||  5452
       Great mace        |       |       |       |       |       |       |     9 |       |       ||     9
       Unarmed           |       |       |       |       |       |       |       |   355 |       ||   355
 Fire: Hunting sling     |       |    40 |    10 |     2 |    28 |       |       |       |       ||    80
Invok: Berserk           |     2 |     1 |     7 |     6 |    13 |     9 |    14 |    16 |     7 ||    75
       Trog's Hand       |       |     3 |    10 |    13 |    25 |    25 |    28 |    18 |    22 ||   144
       Burn Spellbooks   |       |       |     1 |     1 |     6 |     4 |     4 |     5 |       ||    21
       Brothers in Arms  |       |       |       |       |     1 |     3 |     4 |     8 |     8 ||    24
Evoke: Wand              |       |       |       |       |       |     1 |       |       |    17 ||    18
       Deck              |       |       |       |       |       |       |     5 |    18 |     1 ||    24
       Lamp of fire      |       |       |       |       |       |       |       |     1 |       ||     1
  Use: Potion            |     3 |       |       |     8 |     4 |     4 |    10 |    11 |    16 ||    56
       Scroll            |       |     1 |    12 |    11 |    20 |     8 |    17 |    20 |    14 ||   103
 Stab: Sleeping          |     1 |       |       |       |       |       |       |       |       ||     1
       Distracted        |       |       |       |       |       |       |     1 |     3 |     2 ||     6
       Confused          |       |       |       |       |       |       |       |       |     2 ||     2
  Eat: Bread ration      |     1 |       |     1 |       |     3 |     2 |     5 |       |       ||    12
       Chunk             |       |     8 |    13 |    35 |    37 |    16 |    32 |    36 |    35 ||   212
       Fruit             |       |       |     3 |       |     3 |     1 |       |     4 |       ||    11
       Meat ration       |       |       |     2 |       |     1 |     5 |     3 |     6 |     3 ||    20
       Beef jerky        |       |       |     1 |       |       |       |       |     1 |     3 ||     5
       Pizza             |       |       |       |     1 |     1 |       |     2 |     1 |     2 ||     7
       Royal jelly       |       |       |       |       |       |     1 |     2 |       |     1 ||     4
